 Dungeon Crawl Stone Soup version 0.30-a0-782-ge64f9170bb (console) character file.

Game seed: 8356560188469259898

879 utis the Ducker (level 8, 0/46 HPs)
             Began as a Tengu Wanderer on Feb 26, 2023.
             Slain by a wight
             ... wielding a +4 trident of freezing
              (10 damage)
             ... on level 6 of the Dungeon.
             The game lasted 00:22:27 (6138 turns).

utis the Ducker (Tengu Wanderer)                    Turns: 6138, Time: 00:22:28

Health: 0/46       AC: 12    Str: 13    XL:     8   Next: 4%
Magic:  2/13       EV: 13    Int: 15    God:
Gold:   272        SH:  0    Dex: 13    Spells: 9/13 levels left

rFire   . . .      SeeInvis .    a - +0 dagger (venom)
rCold   + . .      Faith    .    (no shield)
rNeg    . . .      Spirit   .    A - +4 scale mail of Lies {Will+}
rPois   .          Reflect  .    (helmet restricted)
rElec   .          Harm     .    n - +1 cloak
rCorr   .          Rampage  .    (no gloves)
Will    +....                    (boots unavailable) Stlth
                                 (no amulet)
HPRegen 0.27/turn                C - ring of protection from cold
MPRegen 0.13/turn                (no ring)

@: flying quickly and evasively, very slightly contaminated, quick
A: beak, talons 3, nimble flight
a: no special abilities


You were on level 6 of the Dungeon.
You visited 1 branch of the dungeon, and saw 6 of its levels.

You collected 324 gold pieces.
You spent 52 gold pieces at shops.

Inventory:

Hand Weapons
 a - a +0 dagger of venom (weapon)
 l - a +0 sling
 m - a +2 halberd of freezing
 G - a +0 flail of protection
Missiles
 j - 48 stones (quivered)
 x - 14 poisoned darts
Armour
 d - a +2 leather armour
 k - a +0 ring mail
 n - a +1 cloak (worn)
 y - a +0 scale mail
 A - the +4 scale mail of Lies (worn) {Will+}
   (You found it on level 4 of the Dungeon)

   Will:      It increases your willpower.
Jewellery
 C - a ring of protection from cold (left hand)
Wands
 f - a wand of polymorph (3)
 z - a wand of digging (7)
Scrolls
 b - 2 scrolls of teleportation {@r4}
 c - a scroll of fog
 i - 2 scrolls of blinking
 o - a scroll of immolation
 t - 2 scrolls of poison {unknown}
 u - a scroll of butterflies {unknown}
 v - a scroll of magic mapping {unknown}
 w - 3 scrolls of enchant armour
Potions
 e - 2 potions of resistance
 g - 3 potions of attraction
 h - a potion of haste {@q3}
 p - 2 potions of cancellation
 q - 2 potions of brilliance
 r - a potion of heal wounds {unknown}
 s - 3 potions of flight
 B - a potion of invisibility {unknown}
 D - a potion of might {unknown}
 E - 2 potions of curing {@q1}
 F - a potion of mutation {unknown}


   Skills:
 + Level 3.3 Fighting
 - Level 1.2 Short Blades
 - Level 1.0 Throwing
 + Level 2.6 Armour
 - Level 6.0 Dodging
 - Level 1.0 Stealth
 - Level 3.0 Spellcasting
 + Level 5.6 Air Magic
 - Level 4.0 Poison Magic


You had 9 spell levels left.
You knew the following spells:

 Your Spells              Type           Power      Damage    Failure   Level
X - Cigotuvi's Dreadful   Necr/Pois/Air  22%        N/A       36%         2
Y - Poisonous Vapours     Pois/Air       32%        N/A       19%         2

Your spell library contained the following spells:

 Spells                   Type           Power      Damage    Failure   Level
 Beastly Appendage        Tmut           4%         N/A       65%         1
 Kiss of Death            Conj/Necr      8%         2d6       65%         1
 Necrotise                Necr           8%         1d4       65%         1
 Vhi's Electric Charge    Tloc/Air       20%        N/A       65%         3
 Spider Form              Tmut/Pois      8%         N/A       75%         3
 Wereblood                Tmut           2%         N/A       80%         2
 Call Canine Familiar     Summ           2%         N/A       95%         3
 Confusing Touch          Hex            2%         N/A       95%         3
 Portal Projectile        Hex/Tloc       4%         N/A       95%         3
 Stone Arrow              Conj/Erth      4%         3d7       95%         3
 Tukima's Dance           Hex            2%         N/A       95%         3
 Vampiric Draining        Necr           2%         2d6       95%         3
 Animate Armour           Summ/Erth      4%         N/A       100%        4
 Dispel Undead            Necr           2%         3d7       100%        4
 Agony                    Necr           2%         N/A       100%        5
 Arcjolt                  Conj/Air       5%         1d15      100%        5
 Blade Hands              Tmut           1%         N/A       100%        5
 Lehudib's Crystal Spear  Conj/Erth      1%         10d2      100%        8
 Maxwell's Capacitive Co  Air            9%         ∞         100%        8
 Necromutation            Tmut/Necr      1%         N/A       100%        8
 Summon Horrible Things   Summ           1%         N/A       100%        8


Dungeon Overview and Level Annotations

Branches:
Dungeon (6/15)
 Temple: D:4-7

Altars:

Shops:
D:3 (   D:4 (*(   D:6 *


Innate Abilities, Weirdness & Mutations

You have a beak for a mouth.
You have claws for feet.
Your magical nature lets you fly swiftly and evasively.


Message History

Aiming: Poisonous Vapours (safe; 19% risk of failure)
Press: ? - help, Dir - move target, f - ogre
Aim: an ogre, wielding a +0 giant spiked club (wandering, hasn't noticed you) Poisonous vapours surround the ogre!
The ogre is poisoned.
Casting: Poisonous Vapours (safe; 19% risk of failure)
Confirm with . or Enter, or press ? or * to list all spells.
Aiming: Poisonous Vapours (safe; 19% risk of failure)
Press: ? - help, Dir - move target, f/p - ogre
Aim: an ogre, wielding a +0 giant spiked club (lightly wounded, poisoned)
You miscast Poisonous Vapours.
You are very lightly contaminated with residual magic.
Nothing appears to happen.
* * * LOW MAGIC WARNING * * *
Casting: Poisonous Vapours (safe; 19% risk of failure)
Confirm with . or Enter, or press ? or * to list all spells.
Aiming: Poisonous Vapours (safe; 19% risk of failure)
Press: ? - help, Dir - move target, f/p - ogre
Aim: an ogre, wielding a +0 giant spiked club (lightly wounded, poisoned) Poisonous vapours surround the ogre!
The ogre looks even sicker.
* * * LOW MAGIC WARNING * * *
Casting: Poisonous Vapours (safe; 19% risk of failure)
Confirm with . or Enter, or press ? or * to list all spells.
You don't know that spell.
Unknown command.
Unknown command.
Casting: Poisonous Vapours (safe; 19% risk of failure)
Confirm with . or Enter, or press ? or * to list all spells.
Aiming: Poisonous Vapours (safe; 19% risk of failure)
Press: ? - help, Dir - move target, f/p - ogre
Aim: an ogre, wielding a +0 giant spiked club (lightly wounded, very poisoned)
You miscast Poisonous Vapours.
Nothing appears to happen.
* * * LOW MAGIC WARNING * * *
A wight comes into view. It is wielding a +0 dagger.
The ogre hits you with a +0 giant spiked club!!
* * * LOW HITPOINT WARNING * * *
Unknown command.
Enter note: shit
There is a stone staircase leading up here.
The wight hits you from afar with a +4 trident of freezing!
You die...

░. ░. ░. ░.
░.░░ ░.8░░
░...░
░.Q.░░░░..
░░.O.......
░8)z.8░░░..
░....░░
..z..>.░
░░░.░...░
.....8░░
.......░
░.......░


You could see an ogre (very poisoned) and 2 wights.

Vanquished Creatures
  An ice beast (D:5)
  An ogre (D:4)
  A scorpion (D:3)
  A wight (D:6)
  A howler monkey (D:5)
  A hound (D:6)
  A gnoll bouda (D:5)
  2 jellies
  2 iguanas
  Ijyb (D:4)
  Natasha (twice) (D:2)
  An orc wizard (D:5)
  8 gnolls
  8 adders
  A shadow imp (D:5)
  A white imp (D:4)
  An ufetubus (D:5)
  3 worms
  2 dart slugs
  14 orcs
  12 endoplasms
  3 giant cockroaches
  3 goblins (D:2)
  8 hobgoblins
  2 jackals (D:3)
  A quokka (D:1)
  11 ball pythons
  7 bats
  3 frilled lizards
  4 kobolds
  5 rats
112 creatures vanquished.

Vanquished Creatures (others)
  4 plants (D:1)
4 creatures vanquished.

Grand Total: 116 creatures vanquished

Notes
Turn   | Place    | Note
-------+----------+-------------------------------------------
     0 | D:1      | utis the Tengu Wanderer began the quest for the Orb.
     0 | D:1      | utis set off with the following items: a +0 dagger, a
                  | scroll of teleportation {@r4}, a scroll of fog, a +2
                  | leather armour; and the following spells available to
                  | memorise: Poisonous Vapours, Cigotuvi's Dreadful Rot.
     0 | D:1      | Reached XP level 1. HP: 12/12 MP: 3/3
   601 | D:1      | Reached XP level 2. HP: 13/16 MP: 4/4
   604 | D:1      | Learned a level 2 spell: Poisonous Vapours
   927 | D:1      | Reached skill level 1 in Air Magic
  1068 | D:1      | Reached XP level 3. HP: 20/20 MP: 5/5
  1422 | D:2      | Learned a level 2 spell: Cigotuvi's Dreadful Rot
  2031 | D:2      | Noticed Natasha
  2047 | D:2      | Killed Natasha
  2048 | D:2      | Reached XP level 4. HP: 25/25 MP: 2/6
  2791 | D:2      | Noticed Natasha
  2794 | D:2      | Killed Natasha
  2795 | D:2      | Gained mutation: Your magical nature lets you fly swiftly
                  | and evasively. [Tengu growth]
  2795 | D:2      | Reached XP level 5. HP: 26/29 MP: 4/7
  2913 | D:3      | Reached skill level 1 in Short Blades
  2913 | D:3      | Reached skill level 5 in Dodging
  3184 | D:3      | Found Naizeeva's Antique Weapon Boutique.
  3860 | D:4      | Reached XP level 6. HP: 35/35 MP: 2/9
  3993 | D:4      | Noticed Ijyb
  4039 | D:4      | Killed Ijyb
  4109 | D:4      | Found Ceschurpha's Antique Weapon Emporium.
  4179 | D:4      | Identified the +4 scale mail of Lies {Will+}
  4231 | D:4      | Found Nizebi's Weapon Boutique.
  4233 | D:4      | Found Zetiwk's Antique Weapon Shop.
  4319 | D:4      | Reached skill level 6 in Dodging
  4448 | D:4      | Found Biag's General Store.
  4496 | D:4      | Bought a scroll of identify for 26 gold pieces
  4496 | D:4      | Bought a scroll of identify for 26 gold pieces
  4574 | D:4      | Found Mumysotz's General Store.
  4610 | D:5      | Entered Level 5 of the Dungeon
  4674 | D:5      | Noticed an ice beast
  4818 | D:5      | Reached skill level 1 in Armour
  4818 | D:5      | Reached XP level 7. HP: 36/40 MP: 11/11
  5338 | D:5      | Reached skill level 5 in Air Magic
  5945 | D:5      | Got Kuigo's Vellum of Congregated Transmogrification
  6118 | D:6      | Found Luqeqoza's General Store.
  6130 | D:6      | Reached XP level 8. HP: 30/46 MP: 9/13
  6137 | D:6      | shit
  6138 | D:6      | Slain by a wight

Illustrated notes

░. ░. ░. ░.
░.░░ ░.8░░
░...░
░.<.░░░░..
░░.Q.......
░8O∩.8░░░..
░.z..░░
.z...>.░
░░░.░...░
.....8░░
.......░
░.......░
........░


Turn 6137 on D:6: shit

Levels and vault maps discovered:
D:1:      minmay_arrival_open_corners, layout_basic, serial_forest,
          infiniplex_forest_straight_2, infiniplex_forest_clump_small,
          infiniplex_forest_straight_2, infiniplex_forest_straight_2,
          infiniplex_forest_side_room, infiniplex_forest_zigzag_2,
          infiniplex_forest_straight_1, minmay_tromino_i4
D:2:      layout_loops_corners, kennysheep_minor_cross, uniq_natasha
D:3:      layout_basic, serial_shops, nicolae_diamond_shop,
          minmay_misc_feat_alley, dreamdust_princess_bridge,
          minmay_misc_feat_roman
D:4:      layout_gridville, serial_shops,
          nicolae_shop_temple_entry_statues_fountains,
          nicolae_shop_bloodbath_and_beyond, kennysheep_mini,
          nicolae_square_shop, nicolae_shop_temple_entry_statues_fountains,
          uniq_ijyb
D:5:      layout_basic
D:6:      layout_loops_ring, minmay_temple_entry_proselytizer, serial_shops,
          nicolae_stop_n_shop_2

Skill      XL: |  1  2  3  4  5  6  7 |
---------------+----------------------+-----
Air Magic      | 1 3 4 5 |  5.6
Poison Magic   | 3 4 |  4.0
Short Blades   | 1 |  1.2
Dodging        | 5 6 |  6.0
Fighting       | 2 3 |  3.3
Spellcasting   | 2 3 |  3.0
Armour         | 1 2 |  2.6
Throwing       | |  1.0
Stealth        | |  1.0

Action                     |  1- 3 |  4- 6 |  7- 9 || total
---------------------------+-------+-------+-------++-------
  Melee: Dagger            |   108 |   117 |    80 ||   305
         Kick              |    32 |    39 |    29 ||   100
         Peck              |    11 |    22 |    29 ||    62
         Punch             |     2 |     1 |     2 ||     5
         Unarmed           |       |     6 |       ||     6
         Halberd           |       |       |    21 ||    21
  Throw: Stone             |     2 |     2 |       ||     4
   Cast: Poisonous Vapours |     5 |    23 |    22 ||    50
    Use: Scroll            |     1 |     9 |     2 ||    12
   Stab: Sleeping          |     4 |     2 |       ||     6
 Armour: Leather armour    |    33 |    19 |       ||    52
         Scale mail        |       |    18 |    40 ||    58
  Dodge: Dodged            |    68 |    58 |    52 ||   178

Table legend: (Time is in decaauts)
 A = Elapsed time spent in this place.
 B = Non-inter-level travel time spent in this place.
 C = Inter-level travel time spent in this place.
 D = Time resting spent in this place.
 E = Time spent auto-exploring this place.
 F = Levels seen in this place.
 G = Mean time per level.
                   A        B        C        D        E       F      G
               +--------+--------+--------+--------+--------+-----+--------+
         Total |   5948 |   5679 |    269 |   1244 |   3092 |   6 |  991.3 |
       Dungeon |   5948 |   5679 |    269 |   1244 |   3092 |   6 |  991.3 |
               +--------+--------+--------+--------+--------+-----+--------+

Top non-repeatable levels by time:
     D:2: 1466 daAuts
     D:1: 1403 daAuts
     D:4: 1190 daAuts
     D:5: 958 daAuts
     D:3: 909 daAuts
     D:6: 19 daAuts
